[ AOE2 MATCH · #508085566 ]
UnrankedMongols vs Mongols
Player's team · LOSS
Rival team · WIN
[ REPLAY ANALYSIS · EXTRACTED FROM THE RECORDED GAME ]
Feudal
8:51
Castle
—
Imperial
—
| APM avg | 73.2 |
| APM peak | 120 |
| eAPM avg | 24.8 |
| Villagers / military | 67 / 27 |
Focus
⚔️ 45.1% · 🌾 54.9%
Skirmisher ×19 · Scout Cavalry ×8
Feudal
8:56
Castle
24:07
Imperial
—
| APM avg | 65.2 |
| APM peak | 131 |
| eAPM avg | 19.3 |
| Villagers / military | 57 / 33 |
Focus
⚔️ 35.4% · 🌾 64.6%
Archer ×23 · Militia ×6 · Spearman ×4
Match map
Initial resources + every placement click. Lines = walls · curves = elevation contours. ◆ gold · ⬟ stone · ● berries · ✦ relic · ◌ wall gap
Your base· Open — unwalled flank
DS_Rene Lavand's base· Open — unwalled flank
Smoothed initial terrain · ◌ = detected wall gap · hover for details
Inputs per minute
— HXSSS7 - - DS_Rene Lavand
Build order — HXSSS7
First 150 of 168 actions detected
| 0:00 | Queue | Villager (Male) |
| 0:00 | Queue | Villager (Male) |
| 0:01 | Queue | Villager (Male) |
| 0:01 | Queue | Villager (Male) |
| 0:02 | Build | House |
| 0:03 | Build | House |
| 1:24 | Queue | Villager (Male) |
| 1:24 | Queue | Villager (Male) |
| 1:24 | Queue | Villager (Male) |
| 1:24 | Queue | Villager (Male) |
| 1:25 | Queue | Villager (Male) |
| 1:25 | Queue | Villager (Male) |
| 1:25 | Queue | Villager (Male) |
| 1:25 | Queue | Villager (Male) |
| 1:26 | Queue | Villager (Male) |
| 1:26 | Queue | Villager (Male) |
| 1:38 | Queue | Villager (Male) |
| 1:38 | Queue | Villager (Male) |
| 1:38 | Queue | Villager (Male) |
| 1:38 | Queue | Villager (Male) |
| 1:38 | Queue | Villager (Male) |
| 1:38 | Queue | Villager (Male) |
| 1:38 | Queue | Villager (Male) |
| 1:59 | Build | Lumber Camp |
| 2:00 | Queue | Villager (Male) |
| 2:00 | Queue | Villager (Male) |
| 2:17 | Queue | Villager (Male) |
| 2:50 | Queue | Villager (Male) |
| 3:19 | Queue | Villager (Male) |
| 3:27 | Build | House |
| 3:36 | Queue | Villager (Male) |
| 3:55 | Queue | Villager (Male) |
| 4:25 | Queue | Villager (Male) |
| 4:39 | Queue | Villager (Male) |
| 5:10 | Queue | Villager (Male) |
| 5:12 | Build | Mill |
| 5:29 | Queue | Villager (Male) |
| 5:47 | Research | Loom |
| 6:39 | Research | Feudal Age |
| 6:50 | Build | House |
| 6:51 | Build | Palisade Wall |
| 7:09 | Build | Barracks |
| 8:10 | Build | Palisade Wall |
| 8:12 | Build | Palisade Wall |
| 8:29 | Build | House |
| 8:34 | Queue | Villager (Male) |
| 8:48 | Build | House |
| 8:51 | Age | Feudal Age |
| 8:53 | Queue | Villager (Male) |
| 9:10 | Queue | Villager (Male) |
| 9:18 | Build | Stable |
| 9:33 | Build | Farm |
| 9:34 | Queue | Villager (Male) |
| 9:36 | Build | Palisade Wall |
| 9:38 | Build | Palisade Wall |
| 9:40 | Build | Palisade Wall |
| 9:43 | Build | Palisade Wall |
| 9:44 | Build | Palisade Wall |
| 9:49 | Queue | Villager (Male) |
| 9:51 | Build | Farm |
| 9:59 | Build | House |
| 10:16 | Queue | Villager (Male) |
| 10:23 | Build | House |
| 10:25 | Build | House |
| 10:30 | Build | House |
| 10:36 | Queue | Villager (Male) |
| 10:38 | Queue | Scout Cavalry |
| 10:38 | Queue | Scout Cavalry |
| 10:48 | Build | House |
| 10:58 | Queue | Villager (Male) |
| 11:08 | Build | Palisade Gate |
| 11:15 | Build | Palisade Wall |
| 11:21 | Queue | Villager (Male) |
| 11:33 | Build | Farm |
| 11:57 | Build | Lumber Camp |
| 12:00 | Build | Farm |
| 12:10 | Build | Palisade Wall |
| 12:11 | Build | Palisade Wall |
| 12:11 | Queue | Villager (Male) |
| 12:31 | Build | Palisade Wall |
| 12:37 | Build | Palisade Wall |
| 12:41 | Build | Palisade Wall |
| 12:42 | Build | Palisade Wall |
| 12:53 | Queue | Villager (Male) |
| 13:03 | Build | Palisade Wall |
| 13:12 | Build | Farm |
| 13:12 | Queue | Villager (Male) |
| 13:15 | Build | Farm |
| 13:27 | Build | Palisade Wall |
| 13:30 | Build | Palisade Wall |
| 13:39 | Build | Palisade Wall |
| 13:46 | Queue | Villager (Male) |
| 13:55 | Build | Archery Range |
| 13:57 | Queue | Villager (Male) |
| 14:01 | Build | Farm |
| 14:03 | Queue | Scout Cavalry |
| 14:16 | Build | Palisade Wall |
| 14:33 | Queue | Scout Cavalry |
| 14:50 | Build | Farm |
| 14:58 | Queue | Villager (Male) |
| 15:02 | Build | Farm |
| 15:06 | Queue | Skirmisher |
| 15:16 | Queue | Villager (Male) |
| 15:36 | Build | House |
| 15:44 | Build | Farm |
| 15:46 | Build | Farm |
| 15:49 | Build | Farm |
| 15:52 | Build | Farm |
| 15:53 | Queue | Villager (Male) |
| 15:58 | Queue | Skirmisher |
| 15:58 | Queue | Skirmisher |
| 16:08 | Build | Farm |
| 16:12 | Build | House |
| 16:14 | Queue | Skirmisher |
| 16:20 | Queue | Villager (Male) |
| 16:59 | Queue | Villager (Male) |
| 17:02 | Queue | Skirmisher |
| 17:02 | Queue | Skirmisher |
| 17:07 | Build | Watch Tower |
| 17:36 | Queue | Villager (Male) |
| 17:39 | Queue | Skirmisher |
| 17:39 | Queue | Skirmisher |
| 17:54 | Queue | Villager (Male) |
| 18:03 | Build | Mining Camp |
| 18:03 | Queue | Villager (Male) |
| 18:06 | Build | Farm |
| 18:18 | Queue | Villager (Male) |
| 18:20 | Build | Farm |
| 18:27 | Build | Farm |
| 18:38 | Queue | Skirmisher |
| 18:38 | Queue | Skirmisher |
| 18:53 | Queue | Villager (Male) |
| 18:58 | Build | Outpost |
| 19:13 | Build | House |
| 19:16 | Queue | Skirmisher |
| 19:16 | Queue | Skirmisher |
| 19:23 | Queue | Scout Cavalry |
| 19:24 | Queue | Scout Cavalry |
| 19:28 | Queue | Skirmisher |
| 19:32 | Build | House |
| 19:55 | Build | House |
| 20:10 | Queue | Skirmisher |
| 20:11 | Queue | Skirmisher |
| 20:11 | Queue | Skirmisher |
| 20:29 | Queue | Villager (Male) |
| 20:41 | Build | House |
| 20:42 | Build | House |
| 20:52 | Queue | Scout Cavalry |
| 21:08 | Queue | Villager (Male) |
| 21:08 | Queue | Villager (Male) |
Build order — DS_Rene Lavand
First 150 of 158 actions detected
| 0:02 | Queue | Villager (Male) |
| 0:04 | Queue | Villager (Male) |
| 0:04 | Queue | Villager (Male) |
| 0:04 | Queue | Villager (Male) |
| 0:04 | Queue | Villager (Male) |
| 0:04 | Queue | Villager (Male) |
| 0:04 | Queue | Villager (Male) |
| 0:06 | Build | House |
| 0:09 | Build | House |
| 1:38 | Queue | Villager (Male) |
| 2:07 | Build | Lumber Camp |
| 2:11 | Queue | Villager (Male) |
| 2:11 | Queue | Villager (Male) |
| 2:33 | Queue | Villager (Male) |
| 3:01 | Queue | Villager (Male) |
| 3:14 | Queue | Villager (Male) |
| 3:26 | Queue | Villager (Male) |
| 3:26 | Queue | Villager (Male) |
| 3:44 | Build | House |
| 3:55 | Queue | Villager (Male) |
| 4:14 | Queue | Villager (Male) |
| 4:26 | Queue | Villager (Male) |
| 4:47 | Queue | Villager (Male) |
| 4:51 | Queue | Villager (Male) |
| 4:51 | Queue | Villager (Male) |
| 5:27 | Research | Loom |
| 5:37 | Build | Barracks |
| 5:41 | Queue | Villager (Male) |
| 5:41 | Queue | Villager (Male) |
| 5:41 | Queue | Villager (Male) |
| 5:41 | Queue | Villager (Male) |
| 6:08 | Build | House |
| 6:33 | Research | Feudal Age |
| 6:57 | Queue | Militia |
| 6:57 | Queue | Militia |
| 6:57 | Queue | Militia |
| 6:58 | Queue | Militia |
| 7:30 | Build | Mining Camp |
| 7:33 | Queue | Militia |
| 8:01 | Queue | Militia |
| 8:56 | Age | Feudal Age |
| 8:57 | Research | Man-at-Arms (upgrade) |
| 8:58 | Queue | Villager (Male) |
| 8:59 | Build | Archery Range |
| 9:04 | Queue | Villager (Male) |
| 9:04 | Queue | Villager (Male) |
| 9:09 | Build | House |
| 9:17 | Queue | Villager (Male) |
| 9:17 | Queue | Villager (Male) |
| 9:17 | Queue | Villager (Male) |
| 9:39 | Queue | Villager (Male) |
| 9:43 | Queue | Archer |
| 9:43 | Queue | Archer |
| 9:59 | Queue | Villager (Male) |
| 10:23 | Build | Watch Tower |
| 10:27 | Queue | Spearman |
| 10:28 | Queue | Spearman |
| 10:42 | Queue | Archer |
| 10:42 | Queue | Archer |
| 11:03 | Build | Mill |
| 11:07 | Build | House |
| 11:32 | Build | Palisade Wall |
| 11:33 | Build | Palisade Wall |
| 11:33 | Build | Palisade Wall |
| 11:33 | Build | Palisade Wall |
| 11:34 | Build | Palisade Wall |
| 11:34 | Build | Palisade Wall |
| 11:34 | Build | Palisade Wall |
| 11:35 | Build | Palisade Wall |
| 11:35 | Build | Palisade Wall |
| 11:38 | Build | Blacksmith |
| 11:42 | Queue | Villager (Male) |
| 11:42 | Queue | Villager (Male) |
| 11:53 | Queue | Archer |
| 11:54 | Queue | Archer |
| 12:02 | Queue | Villager (Male) |
| 12:02 | Queue | Villager (Male) |
| 12:11 | Build | Farm |
| 12:25 | Build | House |
| 12:31 | Research | Fletching |
| 12:49 | Build | Farm |
| 12:53 | Queue | Archer |
| 12:54 | Queue | Archer |
| 12:54 | Queue | Archer |
| 12:57 | Build | House |
| 13:56 | Queue | Villager (Male) |
| 13:57 | Queue | Villager (Male) |
| 13:57 | Queue | Villager (Male) |
| 13:58 | Build | Farm |
| 13:59 | Build | Farm |
| 14:02 | Build | Farm |
| 14:02 | Build | Farm |
| 14:06 | Queue | Archer |
| 14:06 | Queue | Archer |
| 14:08 | Queue | Villager (Male) |
| 14:09 | Queue | Villager (Male) |
| 14:11 | Queue | Archer |
| 14:11 | Queue | Archer |
| 15:24 | Queue | Villager (Male) |
| 15:24 | Queue | Villager (Male) |
| 15:24 | Queue | Villager (Male) |
| 15:26 | Build | Market |
| 15:33 | Queue | Archer |
| 15:33 | Queue | Archer |
| 15:33 | Queue | Archer |
| 15:40 | Queue | Villager (Male) |
| 15:40 | Queue | Villager (Male) |
| 15:50 | Build | Farm |
| 15:52 | Build | Farm |
| 15:53 | Build | Farm |
| 16:01 | Build | House |
| 16:08 | Research | Padded Archer Armor |
| 16:12 | Build | Farm |
| 16:13 | Build | Farm |
| 16:35 | Queue | Spearman |
| 16:38 | Build | House |
| 16:40 | Build | Palisade Wall |
| 16:42 | Build | House |
| 16:44 | Build | House |
| 16:46 | Build | Palisade Wall |
| 16:59 | Build | Watch Tower |
| 17:07 | Build | Farm |
| 17:34 | Build | Watch Tower |
| 17:42 | Queue | Villager (Male) |
| 17:42 | Queue | Villager (Male) |
| 17:43 | Queue | Villager (Male) |
| 17:57 | Build | House |
| 17:59 | Queue | Villager (Male) |
| 18:00 | Queue | Archer |
| 18:00 | Queue | Archer |
| 18:00 | Queue | Archer |
| 18:13 | Queue | Villager (Male) |
| 18:18 | Build | Farm |
| 18:31 | Queue | Spearman |
| 18:45 | Build | House |
| 18:49 | Queue | Villager (Male) |
| 18:54 | Queue | Archer |
| 19:25 | Queue | Archer |
| 19:26 | Queue | Villager (Male) |
| 19:30 | Queue | Villager (Male) |
| 20:24 | Queue | Villager (Male) |
| 20:35 | Queue | Villager (Male) |
| 20:39 | Queue | Archer |
| 21:28 | Research | Castle Age |
| 21:55 | Queue | Archer |
| 22:31 | Build | Watch Tower |
| 23:02 | Build | Lumber Camp |
| 23:17 | Build | Palisade Wall |
| 23:17 | Build | Palisade Wall |
| 23:17 | Build | Palisade Wall |
Match timeline
| 5:37 | DS_Rene Lavand · first_building Barracks |
| 6:51 | HXSSS7 · wall_segment Palisade Wall x2 |
| 7:09 | HXSSS7 · first_building Barracks |
| 8:10 | HXSSS7 · wall_segment Palisade Wall x3 |
| 8:12 | HXSSS7 · wall_segment Palisade Wall x5 |
| 8:51 | HXSSS7 · age_up feudal |
| 8:56 | DS_Rene Lavand · age_up feudal |
| 8:59 | DS_Rene Lavand · first_building Archery Range |
| 9:18 | HXSSS7 · first_building Stable |
| 9:36 | HXSSS7 · wall_segment Palisade Wall x1 |
| 9:38 | HXSSS7 · wall_segment Palisade Wall x1 |
| 9:40 | HXSSS7 · wall_segment Palisade Wall x1 |
| 9:43 | HXSSS7 · wall_segment Palisade Wall x1 |
| 9:44 | HXSSS7 · wall_segment Palisade Wall x1 |
| 11:15 | HXSSS7 · wall_segment Palisade Wall x1 |
| 11:32 | DS_Rene Lavand · wall_segment Palisade Wall x1 |
| 11:33 | DS_Rene Lavand · wall_segment Palisade Wall x1 |
| 11:33 | DS_Rene Lavand · wall_segment Palisade Wall x2 |
| 11:33 | DS_Rene Lavand · wall_segment Palisade Wall x1 |
| 11:34 | DS_Rene Lavand · wall_segment Palisade Wall x2 |
| 11:34 | DS_Rene Lavand · wall_segment Palisade Wall x1 |
| 11:34 | DS_Rene Lavand · wall_segment Palisade Wall x1 |
| 11:35 | DS_Rene Lavand · wall_segment Palisade Wall x2 |
| 11:35 | DS_Rene Lavand · wall_segment Palisade Wall x1 |
| 12:10 | HXSSS7 · wall_segment Palisade Wall x1 |
| 12:11 | HXSSS7 · wall_segment Palisade Wall x1 |
| 12:31 | HXSSS7 · wall_segment Palisade Wall x9 |
| 12:37 | HXSSS7 · wall_segment Palisade Wall x1 |
| 12:41 | HXSSS7 · wall_segment Palisade Wall x6 |
| 12:42 | HXSSS7 · wall_segment Palisade Wall x1 |
| 13:03 | HXSSS7 · wall_segment Palisade Wall x4 |
| 13:27 | HXSSS7 · wall_segment Palisade Wall x1 |
| 13:30 | HXSSS7 · wall_segment Palisade Wall x3 |
| 13:39 | HXSSS7 · wall_segment Palisade Wall x1 |
| 13:55 | HXSSS7 · first_building Archery Range |
| 14:16 | HXSSS7 · wall_segment Palisade Wall x1 |
| 16:40 | DS_Rene Lavand · wall_segment Palisade Wall x1 |
| 16:46 | DS_Rene Lavand · wall_segment Palisade Wall x1 |
| 16:54 | DS_Rene Lavand · first_market_sell 100 food |
| 16:55 | DS_Rene Lavand · first_market_buy 100 stone |
| 23:17 | DS_Rene Lavand · wall_segment Palisade Wall x1 |
| 23:17 | DS_Rene Lavand · wall_segment Palisade Wall x1 |
| 23:17 | DS_Rene Lavand · wall_segment Palisade Wall x2 |
| 23:18 | DS_Rene Lavand · wall_segment Palisade Wall x1 |
| 23:18 | DS_Rene Lavand · wall_segment Palisade Wall x1 |
| 23:18 | DS_Rene Lavand · wall_segment Palisade Wall x1 |
| 23:19 | DS_Rene Lavand · wall_segment Palisade Wall x1 |
| 23:19 | DS_Rene Lavand · wall_segment Palisade Wall x2 |
| 23:20 | DS_Rene Lavand · wall_segment Palisade Wall x1 |
| 24:07 | DS_Rene Lavand · age_up castle |
| 24:13 | HXSSS7 · resign |
[ AI ANALYSIS · 1 CREDIT ]
What really happened in this match?
Wolo.gg analyzes every decision: build order, eco, micro, common mistakes by bracket. Personalized analysis on WhatsApp or Discord in 30 seconds.
Civ guide
Mongols
Perfil
HXSSS7